 Dungeon Crawl Stone Soup version 0.23.1-38-g628c18f (webtiles) character file.

Game seed: 18025209311182590025

4706 teukkam the Protected (level 10, -10/91 HPs)
             Began as a Minotaur Fighter on Mar 28, 2019.
             Was a Priest of Nemelex Xobeh.
             Mangled by a wight
             ... wielding a cursed +4 halberd of freezing
              (14 damage)
             ... on level 10 of the Dungeon.
             The game lasted 00:29:56 (8447 turns).

teukkam the Protected (Minotaur Fighter)            Turns: 8447, Time: 00:29:57

Health: -10/91     AC:  7    Str: 25    XL:     10   Next: 21%
Magic:  9/9        EV: 10    Int:  7    God:    Nemelex Xobeh [***...]
Gold:   413        SH: 12    Dex:  9    Spells: 9/9 levels left

rFire    . . .     SeeInvis .   Q - +0 war axe
rCold    + . .     Gourm    +   c - +0 shield
rNeg     . . .     Faith    .   T - +0 troll leather armour
rPois    .         Spirit   .   (helmet restricted)
rElec    .         Reflect  .   y - scarf {cloud immunity}
rCorr    +         Harm     .   I - +0 pair of gloves
MR       .....                  (no boots)
Stlth    +.........             p - amulet of the gourmand
HPRegen  0.65/turn              (no ring)
MPRegen  0.11/turn              s - ring of resist corrosion

@: lethally poisoned (-10 -> -22), lightly drained
A: retaliatory headbutt, horns 2, clever 1, cold resistance 1
a: Draw Escape, Draw Destruction, Draw Summoning, Triple Draw, Renounce Religion


You were on level 10 of the Dungeon.
You worshipped Nemelex Xobeh.
Nemelex Xobeh was most pleased with you.
You were very full.

You visited 1 branch of the dungeon, and saw 10 of its levels.

You collected 566 gold pieces.
You spent 153 gold pieces at shops.

Inventory:

Hand Weapons
 a - a +2 short sword of venom
 b - a +0 hunting sling
 B - a +0 short sword
 Q - a +0 war axe (weapon)
 R - a +0 blowgun
Missiles
 z - 7 tomahawks (quivered)
 E - 34 poisoned needles
 F - 176 bolts
 H - 62 sling bullets
Armour
 c - a +0 shield (worn)
 y - a scarf of cloud immunity (worn)
 I - a +0 pair of gloves (worn)
 T - a +0 troll leather armour (worn)
Jewellery
 p - an amulet of the gourmand (around neck)
 s - a ring of resist corrosion (right hand)
 M - an uncursed amulet of rage {unknown}
Wands
 k - a wand of acid (8)
 v - a wand of digging (2)
 K - a wand of iceblast (10)
Scrolls
 e - 8 scrolls of identify
 h - 2 scrolls of magic mapping
 j - 3 scrolls of teleportation
 l - 6 scrolls of remove curse
 q - 2 scrolls of enchant weapon {unknown}
 r - a scroll of amnesia {unknown}
 x - a scroll of holy word {unknown}
 G - 3 scrolls of noise {unknown}
 N - a scroll of enchant armour {unknown}
 O - a scroll of random uselessness {unknown}
 P - a scroll of silence {unknown}
Potions
 d - a potion of might
 g - 3 potions of curing
 i - 3 potions of magic
 m - 3 potions of mutation
 o - a potion of ambrosia {unknown}
 t - 2 potions of lignification {unknown}
 u - a potion of brilliance {unknown}
 w - 4 potions of heal wounds
 A - 3 potions of haste {unknown}
 C - a potion of agility {unknown}
 D - a potion of cancellation {unknown}
 J - a potion of invisibility
Miscellaneous
 L - a lightning rod (4/4)
Comestibles
 f - 15 rations


   Skills:
 + Level 9.6(9.2) Fighting
 + Level 8.0(7.6) Short Blades
 - Level 2.8(2.5) Axes
 + Level 2.0(1.7) Slings
 + Level 9.6(9.2) Armour
 + Level 9.6(9.2) Shields


You had 9 spell levels left.
You didn't know any spells.
Your spell library contained the following spells:

 Spells                   Type           Power        Failure   Level  Hunger
 Animate Skeleton         Necr           N/A          73%         1    ##.....
 Magic Dart               Conj           #...         73%         1    ##.....
 Pain                     Necr           #...         73%         1    ##.....
 Sandblast                Erth           #.....       73%         1    ##.....
 Passwall                 Tmut/Erth      #.......     86%         2    ###....
 Searing Ray              Conj           #.....       86%         2    ###....
 Dazzling Spray           Conj/Hex       #.....       97%         3    ####...
 Regeneration             Chrm/Necr      #.........   97%         3    ####...
 Stone Arrow              Conj/Erth      #.....       97%         3    ####...
 Vampiric Draining        Necr           #.........   97%         3    ####...
 Animate Dead             Necr           N/A          100%        4    #####..
 Force Lance              Conj/Tloc      #.......     100%        4    #####..
 Fulminant Prism          Conj/Hex       #.........   100%        4    #####..
 Iskenderun's Mystic Bla  Conj           #.......     100%        4    #####..
 Petrify                  Tmut/Erth      #.......     100%        4    #####..
 Lee's Rapid Deconstruct  Erth           #.........   100%        5    ######.


Dungeon Overview and Level Annotations

Branches:
Dungeon (10/15)            Temple (0/1) D:6
   Lair: D:8-11         Orc: D:9-12

Altars:
Hepliaklqana
Kikubaaqudgha
Makhleb
Nemelex Xobeh
Okawaru
Qazlal
Ru
Sif Muna
Trog
Uskayaw
Vehumet
Yredelemnul
Zin

Shops:
D:5 ?=**   D:6 !   D:10 !


Innate Abilities, Weirdness & Mutations

You reflexively headbutt those who attack you in melee.
You have a pair of horns on your head.
Your mind is acute. (Int +2)
Your flesh is cold resistant. (rC+)


Message History

The killer bee stings you!
* * * LOW HITPOINT WARNING * * *
You are more poisoned.
The killer bee poisons you! The killer bee barely misses you.
You furiously retaliate!
You headbutt the killer bee!
You kill the killer bee!
Your base Short Blades skill increases to level 8!
The killer bee stings you!
* * * LOW HITPOINT WARNING * * *
The killer bee stings you but does no damage.
You block the killer bee's attack. The killer bee stings you.
* * * LOW HITPOINT WARNING * * *
* * * LOW HITPOINT WARNING * * *
You feel sick. You block the killer bee's attack. x2
The killer bee stings you but does no damage.
The killer bee misses you.
The porcupine bites your -2 hand axe of venom!
The wight hits you from afar with a cursed +4 halberd of freezing!
You die...
Your body disappears without a glow.

zrV...##.
..........
P..Pzr..... # .
PPP.Pz.....#
.#..
P.PPP......##
.....
P.P.PP.P.P.##
#..... #......
##y?.....
#@y......
.....(Syy...##.
.P..rz......#
P....l.........
........∩......
......#..).....
....#.###......
..!##. ##....


You could see a water moccasin, a porcupine, 4 killer bees, a wight, a leopard
gecko and a friendly -2 hand axe of venom.

Vanquished Creatures
  Joseph (D:9)
  A troll (D:9)
  Sigmund (D:5)
  A porcupine (D:9)
  3 ice beasts
  2 orc warriors
  A black bear (D:7)
  2 necrophages (D:6)
  2 sky beasts
  2 phantoms
  An ogre (D:9)
  2 centaurs (D:6)
  2 crocodiles (D:9)
  2 big kobolds
  7 bullfrogs
  2 scorpions
  5 killer bees
  A wight (D:9)
  A bullfrog zombie (D:5)
  4 howler monkeys
  8 crimson imps
  4 hounds
  6 orc wizards
  A jelly (D:9)
  4 orc priests
  A bullfrog skeleton (D:5)
  A centaur skeleton (D:5)
  8 worker ants
  2 hound zombies
  3 hound skeletons (D:7)
  A howler monkey zombie (D:6)
  7 gnolls
  A howler monkey skeleton (D:5)
  6 adders
  3 shadow imps
  An ooze (D:2)
  2 adder zombies
  An adder skeleton (D:9)
  4 worms
  4 dart slugs
  7 leopard geckos
  12 orcs
  2 ball pythons (D:1)
  2 giant cockroaches
  2 gnoll zombies (D:4)
  5 goblins
  5 hobgoblins
  6 jackals
  2 quokkas
  7 bats
  4 frilled lizards
  A jackal skeleton (D:6)
  20 kobolds
  A leopard gecko skeleton (D:4)
  A quokka skeleton (D:7)
  6 rats
194 creatures vanquished.

Vanquished Creatures (collateral kills)
  A kobold (D:9)
1 creature vanquished.

Vanquished Creatures (others)
  A fungus (D:10)
1 creature vanquished.

Grand Total: 196 creatures vanquished

Notes
Turn   | Place    | Note
-------+----------+-------------------------------------------
     0 | D:1      | teukkam the Minotaur Fighter began the quest for the Orb.
     0 | D:1      | Reached XP level 1. HP: 19/19 MP: 0/0
   155 | D:1      | Reached XP level 2. HP: 27/27 MP: 1/1
   411 | D:3      | Found a sacrificial altar of Ru.
   484 | D:5      | Entered Level 5 of the Dungeon
   485 | D:5      | Noticed a crimson imp
   491 | D:5      | Noticed a sky beast
   508 | D:5      | Killed a sky beast
   508 | D:5      | Reached skill level 1 in Short Blades
   508 | D:5      | Reached XP level 3. HP: 14/34 MP: 2/2
   508 | D:5      | Reached XP level 4. HP: 17/41 MP: 3/3
   528 | D:5      | Reached XP level 5. HP: 19/47 MP: 4/4
   797 | D:5      | Found Omuapo Dibef's Jewellery Boutique.
   809 | D:5      | Found Numesch's Magic Scroll Shop.
   819 | D:5      | Noticed Sigmund
   825 | D:5      | Killed Sigmund
   825 | D:5      | Reached skill level 5 in Fighting
   825 | D:5      | Reached skill level 5 in Armour
   825 | D:5      | Reached skill level 5 in Shields
   825 | D:5      | Reached XP level 6. HP: 47/56 MP: 5/5
   880 | D:5      | Found a hazy altar of Hepliaklqana.
   889 | D:5      | Found Puyreath's Assorted Antiques.
  1107 | D:5      | Found a deep blue altar of Sif Muna.
  1217 | D:5      | Found a burning altar of Makhleb.
  1217 | D:5      | Found a radiant altar of Vehumet.
  1388 | D:4      | Reached XP level 7. HP: 60/62 MP: 6/6
  1468 | D:4      | Found a basalt altar of Yredelemnul.
  2025 | D:6      | Found a hide-covered altar of Uskayaw.
  2062 | D:6      | Gained mutation: Your flesh is cold resistant. (rC+)
                  | [potion of mutation]
  2062 | D:6      | Gained mutation: Your mind is acute. (Int +2) [potion of
                  | mutation]
  2400 | D:6      | Reached XP level 8. HP: 65/71 MP: 7/7
  2433 | D:7      | Found a radiant altar of Vehumet.
  2514 | D:6      | Found Oskota's Distillery.
  2534 | D:6      | Reached skill level 5 in Short Blades
  2549 | D:6      | Bought a potion of mutation for 88 gold pieces
  2651 | D:6      | Found a staircase to the Ecumenical Temple.
  3000 | D:6      | Found a sparkling altar of Nemelex Xobeh.
  3008 | D:6      | Became a worshipper of Nemelex Xobeh the Trickster
  3330 | D:5      | Found Erevoe's General Store.
  3386 | D:5      | Bought a potion of heal wounds for 65 gold pieces
  3464 | D:2      | Received a gift from Nemelex Xobeh
  4164 | D:2      | Found a glowing silver altar of Zin.
  5611 | D:6      | Reached * piety under Nemelex Xobeh
  5719 | D:7      | Reached XP level 9. HP: 55/79 MP: 8/8
  6709 | D:7      | Found an iron altar of Okawaru.
  6710 | D:7      | Found a bloodstained altar of Trog.
  6782 | D:7      | Reached ** piety under Nemelex Xobeh
  7140 | D:8      | Received a gift from Nemelex Xobeh
  7180 | D:8      | Found a stormy altar of Qazlal.
  7409 | D:9      | Found a sparkling altar of Nemelex Xobeh.
  7412 | D:9      | Found an ancient bone altar of Kikubaaqudgha.
  7568 | D:9      | Noticed Joseph
  7583 | D:9      | Killed Joseph
  7815 | D:9      | Reached XP level 10. HP: 88/91 MP: 9/9
  8048 | D:9      | Received a gift from Nemelex Xobeh
  8064 | D:9      | Reached skill level 1 in Slings
  8267 | D:10     | Entered Level 10 of the Dungeon
  8267 | D:10     | Reached *** piety under Nemelex Xobeh
  8267 | D:10     | Found Idghinoeg's Distillery.
  8447 | D:10     | HP: 4/91 [poisoned by a killer bee]
  8447 | D:10     | Mangled by a wight

Skill      XL: |  1  2  3  4  5  6  7  8  9 10 |
---------------+-------------------------------+-----
Shields        | 4 5 6 7 9 |  9.6
Fighting       | 4 5 6 7 9 |  9.6
Short Blades   | 1 2 3 4 6 7 8 |  8.0
Armour         | 4 5 6 8 9 |  9.6
Slings         | 2 |  2.0
Axes           | |  2.8

Action                   |  1- 3 |  4- 6 |  7- 9 | 10-12 || total
-------------------------+-------+-------+-------+-------++-------
Melee: War axe           |    30 |       |    53 |     8 ||    91
       Headbutt          |    13 |    17 |   108 |    14 ||   152
       Dagger            |    27 |    59 |   203 |       ||   289
       Short sword       |       |       |   266 |    45 ||   311
 Fire: Hunting sling     |       |       |     2 |       ||     2
Throw: Tomahawk          |       |       |     8 |       ||     8
 Abil: Draw Summoning    |       |       |     1 |     1 ||     2
       Draw Destruction  |       |       |     1 |       ||     1
       Draw Escape       |       |       |       |     1 ||     1
  Use: Scroll            |     1 |     1 |     5 |       ||     7
       Potion            |       |     1 |     4 |       ||     5
  Eat: Chunk             |       |     4 |    28 |     1 ||    33
Armor: Scale mail        |    32 |    15 |   114 |     9 ||   170
       Troll leather arm |       |       |       |    10 ||    10
Dodge: Dodged            |    22 |    11 |   111 |    31 ||   175
Block: Shield            |    28 |    17 |   211 |    43 ||   299
